Connexion

Bruins vs Crunch

Created - 28 juillet 2023 at 05:49

Goals
1 2 3 T
Bruins 1 2 0 3
Crunch 1 1 2 4
Shots
1 2 3 T
Bruins 8 13 10 31
Crunch 5 4 13 22

GoalsPenalties
1st period
1. Bruins , Derek Grant 1 (Bryce Kindopp 1) at 13:41 (PP)
2. Crunch , Nicolas Aube-Kubel 1 (Riley Nash 1, Patrick Harper 1) at 18:54
Garnet Hathaway (SYR) for Interference (Minor) at 11:49
Garnet Hathaway (SYR) for Interference (Minor) at 15:49
2nd period
3. Bruins , Bryce Kindopp 1 (Josh Brook 1, Nathan Bastian 1) at 1:28 (PP)
4. Bruins , Igor Shvyrev 1 (Michael Teply 1, Reilly Walsh 1) at 18:07
5. Crunch , Jean-Gabriel Pageau 1 (Mason Shaw 1, Xavier Bouchard 1) at 18:38
Axel Andersson (SYR) for Roughing (Minor) at 0:46
Jean-Gabriel Pageau (SYR) for Slashing (Minor) at 2:32
3rd period
6. Crunch , Connor Corcoran 1 (Blaine Byron 1, Garnet Hathaway 1) at 2:49 (PP)
7. Crunch , Garnet Hathaway 1 (Connor Corcoran 1) at 6:54
Nathan Bastian (PRO) for Hooking (Minor) at 1:23
Michal Kempny (PRO) for Interference (Minor) at 3:57
Josh Brook (PRO) for Roughing (Minor) at 13:14
Goalie Stats
Joey Daccord (PRO), 18 saves from 22 shots - (0,818), L, 0-1-1, 59:48 minutes
Anthony Stolarz (SYR), 28 saves from 31 shots - (0,903), W, 1-0-0, 60:00 minutes
3 StarsOfficial
1 - Connor Corcoran (SYR)
2 - Bryce Kindopp (PRO)
3 - Garnet Hathaway (SYR)
Referees : Don Koharski and Kyle Rehman
Linesman : Jonny Murray and Ryan Galloway
Game Note
No Game Note
Finance
Level 1 -- Attendance: 1953 (97,65%) -- Ticket Income 39 060 $
Level 2 -- Attendance: 1000 (100,00%) -- Ticket Income 15 000 $
Total Attendance: 2953 (98,43%)
Total Ticket Income: 54 060 $
Other Income: 10 812 $
Total Income: 64 872 $



Team Name Goals Shots Shots Attemp Shots Blocked PIM HIT PP PK FO%
Bruins 33161116232 / 4 (50%)147%
Crunch 42257108231 / 3 (33%)253%

Bruins
Player Name POS G A P +/- PIM HIT SHT SB MP PP MP PP SHT PK MP PK SHT FO% FOT
Bryce KindoppRW1120025125:053:3012:41036% 11
Connor ChathamRW000000000:580:0000:0000% 0
Darren DietzD000-1000012:450:0000:0000% 0
Derek GrantC/LW/RW1010004121:493:3021:43033% 3
Hunter ShinkarukC/LW/RW000-1000016:053:0200:00050% 2
Igor ShvyrevC101-1015015:090:0000:00062% 13
Jakob Forsbacka-KarlssonC000000104:260:0001:10033% 3
Jansen HarkinsC000-1023018:263:0202:21045% 22
Jesse GrahamD000-1002214:460:0002:0100% 0
Josh BrookD011-2260119:343:1301:4800% 0
Julius HonkaD000-2010020:413:1302:5400% 0
Matej StranskyLW/RW000-1032015:090:0000:0000% 0
Michael TeplyLW011-1021015:500:0000:41050% 2
Michal KempnyD0001233225:383:1911:3500% 0
Nathan BastianC/RW0110220122:173:3002:12047% 34
Reid BoucherC/LW/RW000-1003016:053:0200:0000% 0
Reilly WalshD0111002326:343:1922:3000% 0
Ryan O'ReillyRW000001003:160:0000:0000% 0
Crunch
Player Name POS G A P +/- PIM HIT SHT SB MP PP MP PP SHT PK MP PK SHT FO% FOT
Austin StrandD0000043325:382:3103:0000% 0
Axel AnderssonD0000210124:552:3102:1800% 0
Blaine ByronC/LW0110000017:342:5300:32050% 2
Connor CorcoranD1121001120:562:5313:1900% 0
Garnet HathawayRW1120462017:002:5300:000100% 1
Jaycob MegnaD0001050121:002:5303:2300% 0
Jean-Christophe BeaudinC/RW000000017:280:0001:53036% 11
Jean-Gabriel PageauC1011224022:512:3132:32057% 30
Kody ClarkRW000000105:350:0000:0000% 0
Mason ShawC/LW0111012020:202:3110:000100% 1
Mike VecchioneC/RW0001003022:092:3111:4900% 1
Mikko KokkonenD0001020013:130:0000:0000% 0
Nicolas Aube-KubelRW1011001010:310:0000:0000% 0
Patrick HarperC/LW0111003010:310:0000:0000% 1
Paul BittnerLW000001005:350:0000:0000% 0
Riley NashC0111002012:440:0002:13046% 13
Thomas TynanC0000000021:072:5304:05060% 30
Xavier BouchardD0111010314:170:0001:0400% 0



Play-by-Play

1st period


0:01 of 1st period - Nathan Bastian wins face-off versus Jean-Gabriel Pageau in neutral zone.
0:12 of 1st period - Shot by Michal Kempny.
0:12 of 1st period - Shot Blocked by Austin Strand.
0:43 of 1st period - Icing by Reilly Walsh.
0:44 of 1st period - Thomas Tynan wins face-off versus Nathan Bastian in Bruins zone.
2:23 of 1st period - Shot by Kody Clark.
2:23 of 1st period - Shot Misses the Net.
2:25 of 1st period - Shot by Kody Clark.
2:25 of 1st period - Stopped by Joey Daccord without a rebound.
2:26 of 1st period - Jansen Harkins wins face-off versus Jean-Gabriel Pageau in Bruins zone.
2:38 of 1st period - Off-side.
2:39 of 1st period - Igor Shvyrev wins face-off versus Jean-Christophe Beaudin in neutral zone.
2:39 of 1st period - Igor Shvyrev is hit by Paul Bittner.
3:17 of 1st period - Shot by Igor Shvyrev.
3:17 of 1st period - Stopped by Anthony Stolarz with a rebound.
4:03 of 1st period - Shot by Reid Boucher.
4:03 of 1st period - Stopped by Anthony Stolarz without a rebound.
4:04 of 1st period - Igor Shvyrev wins face-off versus Thomas Tynan in Crunch zone.
4:05 of 1st period - Shot by Jesse Graham.
4:05 of 1st period - Stopped by Anthony Stolarz with a rebound.
4:07 of 1st period - Shot by Jesse Graham.
4:07 of 1st period - Stopped by Anthony Stolarz without a rebound.
4:08 of 1st period - Thomas Tynan wins face-off versus Igor Shvyrev in Crunch zone.
4:16 of 1st period - Icing by Thomas Tynan.
4:17 of 1st period - Jansen Harkins wins face-off versus Thomas Tynan in Crunch zone.
4:32 of 1st period - Shot by Hunter Shinkaruk.
4:32 of 1st period - Shot Blocked by Xavier Bouchard.
4:40 of 1st period - Shot by Blaine Byron.
4:40 of 1st period - Shot Misses the Net.
4:50 of 1st period - Jansen Harkins is hit by Garnet Hathaway and loses puck.
5:14 of 1st period - Jansen Harkins is hit by Austin Strand and loses puck.
6:04 of 1st period - Shot by Riley Nash.
6:04 of 1st period - Stopped by Joey Daccord with a rebound.
6:06 of 1st period - Shot by Riley Nash.
6:06 of 1st period - Shot Blocked by Jesse Graham.
7:05 of 1st period - Shot by Jakob Forsbacka-Karlsson.
7:05 of 1st period - Stopped by Anthony Stolarz without a rebound.
7:06 of 1st period - Nathan Bastian wins face-off versus Thomas Tynan in Crunch zone.
7:10 of 1st period - Icing by Garnet Hathaway.
7:11 of 1st period - Thomas Tynan wins face-off versus Jakob Forsbacka-Karlsson in Crunch zone.
7:11 of 1st period - Thomas Tynan is hit by Bryce Kindopp.
7:35 of 1st period - Shot by Garnet Hathaway.
7:35 of 1st period - Shot Misses the Net.
8:14 of 1st period - Off-side.
8:15 of 1st period - Jansen Harkins wins face-off versus Jean-Gabriel Pageau in neutral zone.
8:25 of 1st period - Shot by Mike Vecchione.
8:25 of 1st period - Shot Misses the Net.
8:27 of 1st period - Shot by Jean-Gabriel Pageau.
8:27 of 1st period - Shot Misses the Net.
8:49 of 1st period - Off-side.
8:50 of 1st period - Igor Shvyrev wins face-off versus Riley Nash in neutral zone.
9:21 of 1st period - Icing by Mikko Kokkonen.
9:22 of 1st period - Nathan Bastian wins face-off versus Patrick Harper in Crunch zone.
9:23 of 1st period - Shot by Bryce Kindopp.
9:23 of 1st period - Shot Blocked by Xavier Bouchard.
9:25 of 1st period - Shot by Bryce Kindopp.
9:25 of 1st period - Stopped by Anthony Stolarz without a rebound.
9:26 of 1st period - Nathan Bastian wins face-off versus Mike Vecchione in Crunch zone.
9:37 of 1st period - Shot by Derek Grant.
9:37 of 1st period - Shot Misses the Net.
10:02 of 1st period - Shot by Jean-Gabriel Pageau.
10:02 of 1st period - Shot Blocked by Michal Kempny.
10:23 of 1st period - Jean-Gabriel Pageau is hit by Josh Brook and loses puck.
11:04 of 1st period - Icing by Jesse Graham.
11:05 of 1st period - Igor Shvyrev wins face-off versus Thomas Tynan in Bruins zone.
11:05 of 1st period - Igor Shvyrev is hit by Garnet Hathaway.
11:20 of 1st period - Shot by Thomas Tynan.
11:20 of 1st period - Shot Misses the Net.
11:49 of 1st period - Minor Penalty to Garnet Hathaway for Interference.
11:50 of 1st period - Nathan Bastian wins face-off versus Jean-Christophe Beaudin in Crunch zone.
12:03 of 1st period - Shot by Michal Kempny.
12:03 of 1st period - Stopped by Anthony Stolarz without a rebound.
12:04 of 1st period - Jean-Gabriel Pageau wins face-off versus Jansen Harkins in Crunch zone.
12:33 of 1st period - Shot by Julius Honka.
12:33 of 1st period - Shot Misses the Net.
12:35 of 1st period - Shot by Julius Honka.
12:35 of 1st period - Shot Misses the Net.
12:37 of 1st period - Shot by Reid Boucher.
12:37 of 1st period - Shot Blocked by Jean-Christophe Beaudin.
12:39 of 1st period - Shot by Julius Honka.
12:39 of 1st period - Shot Misses the Net.
12:41 of 1st period - Shot by Reid Boucher.
12:41 of 1st period - Shot Misses the Net.
12:43 of 1st period - Shot by Julius Honka.
12:43 of 1st period - Shot Blocked by Xavier Bouchard.
13:05 of 1st period - Icing by Nathan Bastian.
13:06 of 1st period - Riley Nash wins face-off versus Nathan Bastian in Bruins zone.
13:06 of 1st period - Riley Nash is hit by Michal Kempny.
13:15 of 1st period - Icing by Michal Kempny.
13:16 of 1st period - Jean-Gabriel Pageau wins face-off versus Nathan Bastian in Bruins zone.
13:41 of 1st period - Shot by Derek Grant.
13:41 of 1st period - Goal by Derek Grant - Bruins : 1 - Crunch : 0.
13:42 of 1st period - Jansen Harkins wins face-off versus Riley Nash in neutral zone.
14:06 of 1st period - Shot by Nicolas Aube-Kubel.
14:06 of 1st period - Deflect By Patrick Harper.
14:06 of 1st period - Shot Misses the Net.
14:08 of 1st period - Shot by Riley Nash.
14:08 of 1st period - Deflect By Patrick Harper.
14:08 of 1st period - Stopped by Joey Daccord with a rebound.
14:10 of 1st period - Shot by Riley Nash.
14:10 of 1st period - Shot Blocked by Josh Brook.
14:12 of 1st period - Shot by Patrick Harper.
14:12 of 1st period - Shot Misses the Net.
14:14 of 1st period - Shot by Riley Nash.
14:14 of 1st period - Stopped by Joey Daccord without a rebound.
14:15 of 1st period - Jean-Christophe Beaudin wins face-off versus Michael Teply in Bruins zone.
14:15 of 1st period - Connor Corcoran is hit by Michal Kempny and loses puck.
14:56 of 1st period - Shot by Kody Clark.
14:56 of 1st period - Shot Blocked by Reilly Walsh.
15:05 of 1st period - Off-side.
15:06 of 1st period - Nathan Bastian wins face-off versus Jean-Gabriel Pageau in neutral zone.
15:42 of 1st period - Icing by Nathan Bastian.
15:43 of 1st period - Blaine Byron wins face-off versus Nathan Bastian in Bruins zone.
15:43 of 1st period - Xavier Bouchard is hit by Josh Brook and loses puck.
15:49 of 1st period - Minor Penalty to Garnet Hathaway for Interference.
15:50 of 1st period - Jean-Gabriel Pageau wins face-off versus Jansen Harkins in Crunch zone.
16:05 of 1st period - Shot by Jansen Harkins.
16:05 of 1st period - Deflect By Hunter Shinkaruk.
16:05 of 1st period - Shot Misses the Net.
16:39 of 1st period - Shot by Bryce Kindopp.
16:39 of 1st period - Shot Misses the Net.
17:03 of 1st period - Shot by Julius Honka.
17:03 of 1st period - Shot Misses the Net.
17:28 of 1st period - Icing by Reid Boucher.
17:29 of 1st period - Riley Nash wins face-off versus Jansen Harkins in Bruins zone.
18:36 of 1st period - Icing by Michael Teply.
18:37 of 1st period - Michael Teply wins face-off versus Riley Nash in Bruins zone.
18:54 of 1st period - Shot by Nicolas Aube-Kubel.
18:54 of 1st period - Goal by Nicolas Aube-Kubel - Bruins : 1 - Crunch : 1.
18:55 of 1st period - Nathan Bastian wins face-off versus Jean-Gabriel Pageau in neutral zone.
19:01 of 1st period - Icing by Mason Shaw.
19:02 of 1st period - Mason Shaw wins face-off versus Nathan Bastian in Crunch zone.
Goals for this period are 1 for Bruins vs 1 for Crunch.
Shots for this period are 8 for Bruins vs 5 for Crunch.

2nd period


0:01 of 2nd period - Nathan Bastian wins face-off versus Thomas Tynan in neutral zone.
0:08 of 2nd period - Shot by Bryce Kindopp.
0:08 of 2nd period - Stopped by Anthony Stolarz without a rebound.
0:09 of 2nd period - Jansen Harkins wins face-off versus Jean-Gabriel Pageau in Crunch zone.
0:09 of 2nd period - Reilly Walsh is hit by Austin Strand.
0:38 of 2nd period - Icing by Austin Strand.
0:39 of 2nd period - Nathan Bastian wins face-off versus Jean-Gabriel Pageau in Crunch zone.
0:41 of 2nd period - Bryce Kindopp is hit by Axel Andersson and loses puck.
0:46 of 2nd period - Minor Penalty to Axel Andersson for Roughing.
0:47 of 2nd period - Nathan Bastian wins face-off versus Jean-Gabriel Pageau in Crunch zone.
0:47 of 2nd period - Bryce Kindopp is hit by Jaycob Megna and loses puck.
1:01 of 2nd period - Icing by Derek Grant.
1:02 of 2nd period - Jean-Gabriel Pageau wins face-off versus Nathan Bastian in Bruins zone.
1:02 of 2nd period - Jean-Gabriel Pageau is hit by Josh Brook.
1:08 of 2nd period - Shot by Jean-Gabriel Pageau.
1:08 of 2nd period - Deflect By Thomas Tynan.
1:08 of 2nd period - Shot Misses the Net.
1:24 of 2nd period - Shot by Josh Brook.
1:24 of 2nd period - Shot Misses the Net.
1:26 of 2nd period - Shot by Josh Brook.
1:26 of 2nd period - Shot Misses the Net.
1:28 of 2nd period - Shot by Bryce Kindopp.
1:28 of 2nd period - Goal by Bryce Kindopp - Bruins : 2 - Crunch : 1.
1:29 of 2nd period - Thomas Tynan wins face-off versus Jansen Harkins in neutral zone.
1:32 of 2nd period - Reilly Walsh is hit by Garnet Hathaway and loses puck.
1:36 of 2nd period - Icing by Michal Kempny.
1:37 of 2nd period - Riley Nash wins face-off versus Jansen Harkins in Bruins zone.
1:38 of 2nd period - Shot by Nicolas Aube-Kubel.
1:38 of 2nd period - Shot Misses the Net.
1:56 of 2nd period - Shot by Jansen Harkins.
1:56 of 2nd period - Shot Misses the Net.
1:58 of 2nd period - Shot by Hunter Shinkaruk.
1:58 of 2nd period - Shot Misses the Net.
2:00 of 2nd period - Shot by Reid Boucher.
2:00 of 2nd period - Stopped by Anthony Stolarz without a rebound.
2:01 of 2nd period - Thomas Tynan wins face-off versus Nathan Bastian in Crunch zone.
2:03 of 2nd period - Icing by Jaycob Megna.
2:04 of 2nd period - Thomas Tynan wins face-off versus Nathan Bastian in Crunch zone.
2:14 of 2nd period - Icing by Connor Corcoran.
2:15 of 2nd period - Jansen Harkins wins face-off versus Thomas Tynan in Crunch zone.
2:25 of 2nd period - Icing by Michal Kempny.
2:26 of 2nd period - Jean-Gabriel Pageau wins face-off versus Jansen Harkins in Bruins zone.
2:32 of 2nd period - Minor Penalty to Jean-Gabriel Pageau for Slashing.
2:33 of 2nd period - Nathan Bastian wins face-off versus Jean-Christophe Beaudin in Crunch zone.
2:46 of 2nd period - Shot by Reilly Walsh.
2:46 of 2nd period - Stopped by Anthony Stolarz with a rebound.
2:48 of 2nd period - Shot by Derek Grant.
2:48 of 2nd period - Stopped by Anthony Stolarz without a rebound.
2:49 of 2nd period - Jean-Christophe Beaudin wins face-off versus Jansen Harkins in Crunch zone.
3:12 of 2nd period - Shot by Josh Brook.
3:12 of 2nd period - Shot Blocked by Jaycob Megna.
3:21 of 2nd period - Off-side.
3:22 of 2nd period - Bryce Kindopp wins face-off versus Jean-Christophe Beaudin in neutral zone.
4:01 of 2nd period - Shot by Reilly Walsh.
4:01 of 2nd period - Stopped by Anthony Stolarz without a rebound.
4:02 of 2nd period - Jean-Christophe Beaudin wins face-off versus Jansen Harkins in Crunch zone.
4:39 of 2nd period - Mikko Kokkonen is hit by Michael Teply and loses puck.
5:43 of 2nd period - Off-side.
5:44 of 2nd period - Derek Grant wins face-off versus Riley Nash in neutral zone.
6:12 of 2nd period - Icing by Michal Kempny.
6:13 of 2nd period - Thomas Tynan wins face-off versus Bryce Kindopp in Bruins zone.
6:58 of 2nd period - Icing by Reilly Walsh.
6:59 of 2nd period - Jean-Gabriel Pageau wins face-off versus Nathan Bastian in Bruins zone.
7:08 of 2nd period - Shot by Jean-Gabriel Pageau.
7:08 of 2nd period - Shot Misses the Net.
7:10 of 2nd period - Shot by Mason Shaw.
7:10 of 2nd period - Shot Blocked by Bryce Kindopp.
7:12 of 2nd period - Shot by Connor Corcoran.
7:12 of 2nd period - Shot Blocked by Nathan Bastian.
7:14 of 2nd period - Shot by Mason Shaw.
7:14 of 2nd period - Shot Misses the Net.
7:26 of 2nd period - Shot by Jean-Gabriel Pageau.
7:26 of 2nd period - Shot Blocked by Michal Kempny.
7:28 of 2nd period - Shot by Mike Vecchione.
7:28 of 2nd period - Stopped by Joey Daccord with a rebound.
7:30 of 2nd period - Shot by Jean-Gabriel Pageau.
7:30 of 2nd period - Shot Blocked by Reilly Walsh.
7:59 of 2nd period - Shot by Patrick Harper.
7:59 of 2nd period - Stopped by Joey Daccord without a rebound.
8:00 of 2nd period - Thomas Tynan wins face-off versus Jansen Harkins in Bruins zone.
8:00 of 2nd period - Thomas Tynan is hit by Josh Brook.
8:18 of 2nd period - Shot by Jansen Harkins.
8:18 of 2nd period - Deflect By Reid Boucher.
8:18 of 2nd period - Shot Blocked by Austin Strand.
10:10 of 2nd period - Darren Dietz is hit by Jean-Gabriel Pageau.
10:15 of 2nd period - Off-side.
10:16 of 2nd period - Jakob Forsbacka-Karlsson wins face-off versus Thomas Tynan in neutral zone.
10:54 of 2nd period - Austin Strand is hit by Josh Brook and loses puck.
12:08 of 2nd period - Shot by Bryce Kindopp.
12:08 of 2nd period - Stopped by Anthony Stolarz with a rebound.
12:44 of 2nd period - Shot by Igor Shvyrev.
12:44 of 2nd period - Stopped by Anthony Stolarz without a rebound.
12:45 of 2nd period - Igor Shvyrev wins face-off versus Thomas Tynan in Crunch zone.
13:04 of 2nd period - Shot by Igor Shvyrev.
13:04 of 2nd period - Shot Misses the Net.
14:07 of 2nd period - Icing by Jansen Harkins.
14:08 of 2nd period - Jansen Harkins wins face-off versus Jean-Christophe Beaudin in Bruins zone.
14:27 of 2nd period - Shot by Kody Clark.
14:27 of 2nd period - Shot Misses the Net.
14:29 of 2nd period - Shot by Austin Strand.
14:29 of 2nd period - Stopped by Joey Daccord without a rebound.
14:30 of 2nd period - Thomas Tynan wins face-off versus Nathan Bastian in Bruins zone.
14:31 of 2nd period - Shot by Blaine Byron.
14:31 of 2nd period - Shot Misses the Net.
14:59 of 2nd period - Shot by Bryce Kindopp.
14:59 of 2nd period - Stopped by Anthony Stolarz without a rebound.
15:00 of 2nd period - Jean-Gabriel Pageau wins face-off versus Igor Shvyrev in Crunch zone.
15:00 of 2nd period - Jean-Gabriel Pageau is hit by Matej Stransky.
15:22 of 2nd period - Matej Stransky is hit by Xavier Bouchard and loses puck.
16:54 of 2nd period - Shot by Josh Brook.
16:54 of 2nd period - Deflect By Reid Boucher.
16:54 of 2nd period - Shot Misses the Net.
17:05 of 2nd period - Reid Boucher is hit by Austin Strand and loses puck.
17:43 of 2nd period - Connor Corcoran is hit by Ryan O'Reilly and loses puck.
18:05 of 2nd period - Shot by Michael Teply.
18:05 of 2nd period - Stopped by Anthony Stolarz with a rebound.
18:07 of 2nd period - Shot by Igor Shvyrev.
18:07 of 2nd period - Goal by Igor Shvyrev - Bruins : 3 - Crunch : 1.
18:08 of 2nd period - Igor Shvyrev wins face-off versus Jean-Gabriel Pageau in neutral zone.
18:38 of 2nd period - Shot by Jean-Gabriel Pageau.
18:38 of 2nd period - Goal by Jean-Gabriel Pageau - Bruins : 3 - Crunch : 2.
18:39 of 2nd period - Thomas Tynan wins face-off versus Jansen Harkins in neutral zone.
18:48 of 2nd period - Shot by Thomas Tynan.
18:48 of 2nd period - Shot Misses the Net.
18:50 of 2nd period - Shot by Thomas Tynan.
18:50 of 2nd period - Shot Misses the Net.
18:52 of 2nd period - Shot by Thomas Tynan.
18:52 of 2nd period - Shot Blocked by Reilly Walsh.
19:00 of 2nd period - Jaycob Megna is hit by Jansen Harkins and loses puck.
19:06 of 2nd period - Icing by Jaycob Megna.
19:07 of 2nd period - Thomas Tynan wins face-off versus Nathan Bastian in Crunch zone.
19:13 of 2nd period - Off-side.
19:14 of 2nd period - Nathan Bastian wins face-off versus Jean-Gabriel Pageau in neutral zone.
19:28 of 2nd period - Bryce Kindopp is hit by Mikko Kokkonen.
19:30 of 2nd period - Shot by Derek Grant.
19:30 of 2nd period - Stopped by Anthony Stolarz with a rebound.
19:32 of 2nd period - Shot by Michal Kempny.
19:32 of 2nd period - Stopped by Anthony Stolarz without a rebound.
19:33 of 2nd period - Thomas Tynan wins face-off versus Hunter Shinkaruk in Crunch zone.
19:39 of 2nd period - Hunter Shinkaruk is hit by Jaycob Megna.
19:46 of 2nd period - Hunter Shinkaruk is hit by Jaycob Megna and loses puck.
Goals for this period are 2 for Bruins vs 1 for Crunch.
Shots for this period are 13 for Bruins vs 4 for Crunch.

3rd period


0:01 of 3rd period - Jean-Gabriel Pageau wins face-off versus Nathan Bastian in neutral zone.
0:08 of 3rd period - Nathan Bastian is hit by Mason Shaw and loses puck.
0:31 of 3rd period - Shot by Jean-Gabriel Pageau.
0:31 of 3rd period - Shot Misses the Net.
0:39 of 3rd period - Shot by Derek Grant.
0:39 of 3rd period - Shot Misses the Net.
0:41 of 3rd period - Shot by Bryce Kindopp.
0:41 of 3rd period - Shot Misses the Net.
0:53 of 3rd period - Shot by Jansen Harkins.
0:53 of 3rd period - Stopped by Anthony Stolarz without a rebound.
0:54 of 3rd period - Jansen Harkins wins face-off versus Thomas Tynan in Crunch zone.
1:11 of 3rd period - Shot by Jansen Harkins.
1:11 of 3rd period - Stopped by Anthony Stolarz without a rebound.
1:12 of 3rd period - Igor Shvyrev wins face-off versus Jean-Christophe Beaudin in Crunch zone.
1:13 of 3rd period - Shot by Matej Stransky.
1:13 of 3rd period - Stopped by Anthony Stolarz without a rebound.
1:14 of 3rd period - Garnet Hathaway wins face-off versus Jansen Harkins in Crunch zone.
1:18 of 3rd period - Icing by Jaycob Megna.
1:19 of 3rd period - Nathan Bastian wins face-off versus Thomas Tynan in Crunch zone.
1:23 of 3rd period - Minor Penalty to Nathan Bastian for Hooking.
1:24 of 3rd period - Bryce Kindopp wins face-off versus Jean-Gabriel Pageau in Bruins zone.
2:47 of 3rd period - Shot by Blaine Byron.
2:47 of 3rd period - Shot Misses the Net.
2:49 of 3rd period - Shot by Connor Corcoran.
2:49 of 3rd period - Goal by Connor Corcoran - Bruins : 3 - Crunch : 3.
2:50 of 3rd period - Riley Nash wins face-off versus Nathan Bastian in neutral zone.
2:55 of 3rd period - Icing by Darren Dietz.
2:56 of 3rd period - Riley Nash wins face-off versus Nathan Bastian in Bruins zone.
2:57 of 3rd period - Shot by Nicolas Aube-Kubel.
2:57 of 3rd period - Shot Blocked by Jesse Graham.
3:28 of 3rd period - Shot by Derek Grant.
3:28 of 3rd period - Stopped by Anthony Stolarz without a rebound.
3:29 of 3rd period - Jean-Gabriel Pageau wins face-off versus Jansen Harkins in Crunch zone.
3:29 of 3rd period - Axel Andersson is hit by Jansen Harkins and loses puck.
3:40 of 3rd period - Shot by Hunter Shinkaruk.
3:40 of 3rd period - Shot Misses the Net.
3:57 of 3rd period - Minor Penalty to Michal Kempny for Interference.
3:58 of 3rd period - Thomas Tynan wins face-off versus Bryce Kindopp in Bruins zone.
4:21 of 3rd period - Jesse Graham is hit by Garnet Hathaway and loses puck.
4:28 of 3rd period - Shot by Garnet Hathaway.
4:28 of 3rd period - Deflect By Blaine Byron.
4:28 of 3rd period - Shot Misses the Net.
4:46 of 3rd period - Icing by Blaine Byron.
4:47 of 3rd period - Bryce Kindopp wins face-off versus Blaine Byron in Crunch zone.
4:51 of 3rd period - Icing by Connor Corcoran.
4:52 of 3rd period - Thomas Tynan wins face-off versus Bryce Kindopp in Crunch zone.
5:32 of 3rd period - Shot by Mason Shaw.
5:32 of 3rd period - Stopped by Joey Daccord without a rebound.
5:33 of 3rd period - Jean-Gabriel Pageau wins face-off versus Derek Grant in Bruins zone.
5:42 of 3rd period - Shot by Jean-Gabriel Pageau.
5:42 of 3rd period - Stopped by Joey Daccord with a rebound.
5:44 of 3rd period - Shot by Mason Shaw.
5:44 of 3rd period - Deflect By Mike Vecchione.
5:44 of 3rd period - Shot Misses the Net.
5:46 of 3rd period - Shot by Axel Andersson.
5:46 of 3rd period - Shot Blocked by Derek Grant.
5:48 of 3rd period - Shot by Jean-Gabriel Pageau.
5:48 of 3rd period - Shot Misses the Net.
5:50 of 3rd period - Shot by Jean-Gabriel Pageau.
5:50 of 3rd period - Stopped by Joey Daccord without a rebound.
5:51 of 3rd period - Thomas Tynan wins face-off versus Bryce Kindopp in Bruins zone.
6:54 of 3rd period - Shot by Garnet Hathaway.
6:54 of 3rd period - Goal by Garnet Hathaway - Bruins : 3 - Crunch : 4.
6:55 of 3rd period - Nathan Bastian wins face-off versus Jean-Gabriel Pageau in neutral zone.
6:57 of 3rd period - Derek Grant is hit by Austin Strand and loses puck.
7:13 of 3rd period - Derek Grant is hit by Jean-Gabriel Pageau and loses puck.
7:58 of 3rd period - Icing by Axel Andersson.
7:59 of 3rd period - Jean-Gabriel Pageau wins face-off versus Igor Shvyrev in Crunch zone.
8:05 of 3rd period - Axel Andersson is hit by Michal Kempny and loses puck.
8:38 of 3rd period - Shot by Garnet Hathaway.
8:38 of 3rd period - Stopped by Joey Daccord without a rebound.
8:39 of 3rd period - Jansen Harkins wins face-off versus Riley Nash in Bruins zone.
8:44 of 3rd period - Shot by Jansen Harkins.
8:44 of 3rd period - Stopped by Anthony Stolarz without a rebound.
8:45 of 3rd period - Nathan Bastian wins face-off versus Riley Nash in Crunch zone.
8:50 of 3rd period - Shot by Derek Grant.
8:50 of 3rd period - Deflect By Bryce Kindopp.
8:50 of 3rd period - Shot Misses the Net.
8:55 of 3rd period - Xavier Bouchard is hit by Julius Honka.
9:18 of 3rd period - Shot by Riley Nash.
9:18 of 3rd period - Shot Misses the Net.
10:05 of 3rd period - Julius Honka is hit by Jaycob Megna and loses puck.
10:44 of 3rd period - Shot by Hunter Shinkaruk.
10:44 of 3rd period - Shot Misses the Net.
10:46 of 3rd period - Shot by Reilly Walsh.
10:46 of 3rd period - Shot Blocked by Austin Strand.
11:04 of 3rd period - Shot by Matej Stransky.
11:04 of 3rd period - Stopped by Anthony Stolarz with a rebound.
11:16 of 3rd period - Shot by Michael Teply.
11:16 of 3rd period - Deflect By Igor Shvyrev.
11:16 of 3rd period - Stopped by Anthony Stolarz without a rebound.
11:17 of 3rd period - Igor Shvyrev wins face-off versus Riley Nash in Crunch zone.
11:30 of 3rd period - Shot by Matej Stransky.
11:30 of 3rd period - Deflect By Igor Shvyrev.
11:30 of 3rd period - Stopped by Anthony Stolarz without a rebound.
11:31 of 3rd period - Jansen Harkins wins face-off versus Jean-Christophe Beaudin in Crunch zone.
11:31 of 3rd period - Reilly Walsh is hit by Jaycob Megna and loses puck.
11:34 of 3rd period - Shot by Reid Boucher.
11:34 of 3rd period - Stopped by Anthony Stolarz without a rebound.
11:35 of 3rd period - Hunter Shinkaruk wins face-off versus Thomas Tynan in Crunch zone.
11:41 of 3rd period - Icing by Garnet Hathaway.
11:42 of 3rd period - Thomas Tynan wins face-off versus Igor Shvyrev in Crunch zone.
11:42 of 3rd period - Thomas Tynan is hit by Igor Shvyrev.
11:45 of 3rd period - Blaine Byron is hit by Michael Teply and loses puck.
12:22 of 3rd period - Shot by Michael Teply.
12:22 of 3rd period - Shot Blocked by Connor Corcoran.
12:31 of 3rd period - Icing by Garnet Hathaway.
12:32 of 3rd period - Thomas Tynan wins face-off versus Nathan Bastian in Crunch zone.
12:32 of 3rd period - Thomas Tynan is hit by Nathan Bastian.
12:35 of 3rd period - Blaine Byron is hit by Bryce Kindopp and loses puck.
12:44 of 3rd period - Julius Honka is hit by Garnet Hathaway and loses puck.
13:04 of 3rd period - Mike Vecchione is hit by Josh Brook and loses puck.
13:14 of 3rd period - Minor Penalty to Josh Brook for Roughing.
13:15 of 3rd period - Jean-Gabriel Pageau wins face-off versus Bryce Kindopp in Bruins zone.
13:25 of 3rd period - Icing by Mason Shaw.
13:26 of 3rd period - Jean-Gabriel Pageau wins face-off versus Nathan Bastian in Crunch zone.
13:28 of 3rd period - Austin Strand is hit by Nathan Bastian and loses puck.
13:49 of 3rd period - Off-side.
13:50 of 3rd period - Thomas Tynan wins face-off versus Derek Grant in neutral zone.
14:08 of 3rd period - Icing by Garnet Hathaway.
14:09 of 3rd period - Bryce Kindopp wins face-off versus Thomas Tynan in Crunch zone.
14:43 of 3rd period - Julius Honka is hit by Garnet Hathaway and loses puck.
14:54 of 3rd period - Shot by Axel Andersson.
14:54 of 3rd period - Shot Misses the Net.
15:08 of 3rd period - Shot by Mike Vecchione.
15:08 of 3rd period - Stopped by Joey Daccord with a rebound.
15:10 of 3rd period - Shot by Jean-Gabriel Pageau.
15:10 of 3rd period - Stopped by Joey Daccord without a rebound.
15:11 of 3rd period - Jean-Gabriel Pageau wins face-off versus Bryce Kindopp in Bruins zone.
15:30 of 3rd period - Off-side.
15:31 of 3rd period - Jean-Christophe Beaudin wins face-off versus Jakob Forsbacka-Karlsson in neutral zone.
16:33 of 3rd period - Shot by Matej Stransky.
16:33 of 3rd period - Deflect By Igor Shvyrev.
16:33 of 3rd period - Shot Misses the Net.
16:55 of 3rd period - Connor Corcoran is hit by Matej Stransky and loses puck.
17:21 of 3rd period - Hunter Shinkaruk is hit by Mikko Kokkonen and loses puck.
17:52 of 3rd period - Shot by Thomas Tynan.
17:52 of 3rd period - Shot Misses the Net.
18:40 of 3rd period - Shot by Michal Kempny.
18:40 of 3rd period - Stopped by Anthony Stolarz without a rebound.
18:41 of 3rd period - Riley Nash wins face-off versus Igor Shvyrev in Crunch zone.
18:41 of 3rd period - Riley Nash is hit by Matej Stransky.
19:01 of 3rd period - Shot by Patrick Harper.
19:01 of 3rd period - Stopped by Joey Daccord without a rebound.
19:02 of 3rd period - Jean-Gabriel Pageau wins face-off versus Nathan Bastian in Bruins zone.
19:07 of 3rd period - Shot by Mason Shaw.
19:07 of 3rd period - Stopped by Joey Daccord without a rebound.
19:08 of 3rd period - Jean-Gabriel Pageau wins face-off versus Bryce Kindopp in Bruins zone.
19:36 of 3rd period - Shot by Mike Vecchione.
19:36 of 3rd period - Stopped by Joey Daccord without a rebound.
19:37 of 3rd period - Jean-Gabriel Pageau wins face-off versus Nathan Bastian in Bruins zone.
19:40 of 3rd period - Shot by Austin Strand.
19:40 of 3rd period - Stopped by Joey Daccord with a rebound.
19:42 of 3rd period - Shot by Austin Strand.
19:42 of 3rd period - Stopped by Joey Daccord without a rebound.
19:43 of 3rd period - Nathan Bastian wins face-off versus Jean-Gabriel Pageau in Bruins zone.
19:48 of 3rd period - Bruins, Joey Daccord is pulled from the net.
19:58 of 3rd period - Shot by Nathan Bastian.
19:58 of 3rd period - Shot Blocked by Axel Andersson.
Goals for this period are 0 for Bruins vs 2 for Crunch.
Shots for this period are 10 for Bruins vs 13 for Crunch.